cohdb
Replays
Latest Replays
All Replays
Popular Replays
Top Player Replays
Match Explorer
How It Works
Community
CoH3 Stats
Reddit
Sign in to upload your games and track your stats! →
Sign in with Steam
Match 43250728
Unlisted
Match 43250728
Overview
Messages
Build Orders
End
Construct Section Command Post
Selects Canadian Shock Battlegroup
Dingo Light Scout Car
Dingo Light Scout Car
Royal Engineer Section
Grenade Package
ML 3-inch Mortar Team
Construct Platoon Command Post
Selects Attacking Spirit
Selects Canadian Shock Section
Canadian Shock Section
Canadian Shock Section
Selects Incendiary Munitions
CMP 15cwt Truck
Unlock Bishop Self-propelled Artillery
Bishop Self-propelled Artillery
QAQ
wl_kaelthas
飞漩
matrix4x4
tony
Pugipa
76561199046817846
John Wei
0
0
Comments
sign in to comment!
No comments posted yet!